 Dungeon Crawl Stone Soup version 0.17-a0-1798-g879a7aa (webtiles) character file.

15230 bollicks1999 the Blocker (level 11, -2/97 HPs)
             Began as a Minotaur Fighter on Sept 10, 2015.
             Was the Champion of Makhleb.
             Slain by a black mamba (13 damage)
             ... on level 3 of the Lair of Beasts on Sept 11, 2015.
             The game lasted 00:41:16 (9294 turns).

bollicks1999 the Blocker (Minotaur Fighter)         Turns: 9294, Time: 00:41:18

Health: -2/97      AC: 30    Str: 16    XL:     11   Next: 99%
Magic:  19/19      EV:  9    Int:  9    God:    Makhleb [******]
Gold:   539        SH: 15    Dex: 19    Spells: 0 memorised, 10 levels left

rFire  + + .     SeeInvis .     v - +3 flail (protect)
rCold  + . .     Clarity  .     E - +2 plate armour {rF+}
rNeg   . . .     SustAt   .     c - +0 shield
rPois  +         Gourm    .     (helmet restricted)
rElec  +         Spirit   .     M - +0 cloak
rCorr  +         Warding  .     m - +1 pair of gloves "Qeipyhiq" {rPois MP+9 Str-5 Dex+3}
rMut   .         Stasis   .     (no boots)
MR     .....                    o - amulet of regeneration
Stlth  ..........               r - +4 ring of intelligence
                                J - +5 ring of dexterity

@: resistant, not resistant to hostile enchantments, extremely unstealthy
A: retaliatory headbutt, horns 2, large bone plates 1, molten scales 1, thin
metallic scales 1, clumsy 1, sense surroundings 1, spit poison 1, subdued magic
1, MP-powered wands
a: Spit Poison, Minor Destruction, Lesser Servant of Makhleb, Major Destruction,
Greater Servant of Makhleb, Renounce Religion


You were on level 3 of the Lair of Beasts.
You worshipped Makhleb.
Makhleb was exalted by your worship.
You were near starving.

You visited 3 branches of the dungeon, and saw 14 of its levels.
You also visited: Labyrinth.

You collected 733 gold pieces.
You spent 194 gold pieces at shops.

Inventory:

Hand weapons
 p - a +1 flail of protection
 v - a +3 flail of protection (weapon)
 x - the +1 war axe "Ephir" {holy, rC++ rN+}
   (You found it on level 8 of the Dungeon)

   It has been blessed by the Shining One to cause great damage to the undead
   and demons.
   It greatly protects you from cold.
   It protects you from negative energy.
 F - a +3 mace of crushing
Armour
 c - a +0 shield (worn)
 m - the +1 pair of gloves "Qeipyhiq" (worn) {rPois MP+9 Str-5 Dex+3}
   (You acquired it on level 8 of the Dungeon)

   It affects your strength (-5).
   It affects your dexterity (+3).
   It protects you from poison.
   It affects your magic capacity (+9).
 E - a +2 plate armour of fire resistance (worn)
 M - a +0 cloak (worn)
Rods
 N - a +4 rod of clouds (10/10)
   (You found it in a labyrinth)
Jewellery
 o - an amulet of regeneration (around neck)
 r - a +4 ring of intelligence (right hand)
 J - a +5 ring of dexterity (left hand)
Magical devices
 u - a wand of fire (5)
 z - a wand of digging (20)
 B - a wand of disintegration (17)
 G - a wand of draining (1)
 K - a wand of digging (8)
 O - a wand of flame (25)
Scrolls
 b - a scroll of immolation
 d - a scroll of enchant weapon
 g - 5 scrolls of remove curse
 h - 2 scrolls of recharging
 i - 3 scrolls of fog
 j - a scroll of teleportation
 q - 2 scrolls of amnesia
 s - a scroll of holy word
 t - a scroll of fear
Potions
 a - a potion of resistance
 f - 5 potions of curing
 k - 2 potions of cure mutation
 l - a potion of flight
 A - a potion of lignification
 D - a potion of agility
 Q - a potion of ambrosia
Books
 y - a book of the Tempests

   Spells                             Type                      Level
   a - Static Discharge               Conjuration/Air              3
   b - Lightning Bolt                 Conjuration/Air              5
   c - Fireball                       Conjuration/Fire             5
   d - Tornado                        Air                          9
   e - Shatter                        Earth                        9
 H - a book of Battle

   Spells                             Type                      Level
   a - Infusion                       Charms                       1
   b - Shroud of Golubria             Charms/Translocation         2
   c - Song of Slaying                Charms                       2
   d - Spectral Weapon                Hexes/Charms                 3
   e - Regeneration                   Charms/Necromancy            3
 I - a book of Cantrips

   Spells                             Type                      Level
   a - Corona                         Hexes                        1
   b - Animate Skeleton               Necromancy                   1
   c - Summon Small Mammal            Summoning                    1
   d - Apportation                    Translocation                1
 L - a book of Dreams

   Spells                             Type                      Level
   a - Ensorcelled Hibernation        Hexes/Ice                    2
   b - Phase Shift                    Translocation                5
   c - Shadow Creatures               Summoning                    5
   d - Silence                        Hexes/Air                    5
   e - Darkness                       Hexes                        6
   f - Mass Confusion                 Hexes                        6
 P - a book of Alchemy

   Spells                             Type                      Level
   a - Sublimation of Blood           Necromancy                   2
   b - Ignite Poison                  Fire/Transmutation/Poison    3
   c - Alistair's Intoxication        Transmutation/Poison         4
   d - Condensation Shield            Ice                          4
   e - Petrify                        Transmutation/Earth          4
   f - Irradiate                      Conjuration/Transmutation    5
 R - a Young Poisoner's Handbook

   Spells                             Type                      Level
   a - Sting                          Conjuration/Poison           1
   b - Cure Poison                    Poison                       2
   c - Mephitic Cloud                 Conjuration/Poison/Air       3
   d - Olgreb's Toxic Radiance        Poison                       4
   e - Venom Bolt                     Conjuration/Poison           5
Comestibles
 e - 18 bread rations
 n - 7 fruits
 w - a slice of pizza
 C - 6 meat rations


   Skills:
 + Level 9.5 Fighting
 + Level 11.6 Maces & Flails
 + Level 9.9 Armour
 + Level 6.7 Dodging
 + Level 0.8 Stealth
 + Level 14.0 Shields
 + Level 0.1 Evocations


You had 10 spell levels left.
You didn't know any spells.

Dungeon Overview and Level Annotations

Branches:
Dungeon (10/15)            Temple (1/1) D:4            Lair (3/8) D:9
  Snake (0/4) Lair:3
  Swamp: Lair:3-6    Shoals: Lair:3-6       Orc: D:9-12

Altars:
Ashenzari
Cheibriados
Dithmenos
Elyvilon
Fedhas
Gozag
Kikubaaqudgha
Makhleb
Nemelex Xobeh
Okawaru
Qazlal
Ru
Sif Muna
Vehumet
Yredelemnul
Zin
The Shining One
Beogh

Shops:
D:8 *


Innate Abilities, Weirdness & Mutations

You reflexively headbutt those who attack you in melee.
You have a pair of horns on your head.
You are partially covered in large bone plates (AC +2, SH +2).
You are partially covered in molten scales (AC +1).
You are partially covered in thin metallic scales (AC +2).
You are clumsy. (Dex -2)
You passively map a small area around you.
You can spit weak poison.
Your spells are a little easier to cast, but a little less powerful.
You expend magic power (3 MP) to strengthen your wands.


Message History

You closely miss the black mamba.
You headbutt the black mamba, but do no damage.
You block the black mamba's attack. x2
The black mamba bites you but does no damage.
The ball python closely misses you. You furiously retaliate!
You headbutt the ball python!
You kill the ball python!
Makhleb accepts your kill.
You feel better.
The black mamba bites you but does no damage.
The black mamba bites you!
* * * LOW HITPOINT WARNING * * *
The black mamba bites you.
* * * LOW HITPOINT WARNING * * *
The black mamba completely misses the plant.
The black mamba bites you but does no damage.
You block the black mamba's attack.
The black mamba bites you but does no damage.
The black mamba bites the plant!
The black mamba bites you!
You die...

#... * * , * ## ...# * *
###.# *...P , ,
,#....###.. , **
......#?[# ,* ...* ,
........## , ...## *
#..PS.# * #.... *
**##SS@.##P.# , #....##
###†.SP......# ,,
#.....#
###..†..........,
,#....###...†(....P##...
#..........####P..# ##
#.......P..# #..## , ,
##...††.##.## ##.#* ,,
#.....###### .P .....<#
* ..#*


You could see 4 black mambas.

Vanquished Creatures
  A minotaur (Lab)
  A hydra (Lair:2)
  The ghost of WellDressedCM the Thrower, an experienced HaAs of Nemelex Xobeh (D:7)
  Maurice (D:8)
  Joseph (D:9)
  6 black mambas
  5 spiny frogs
  2 komodo dragons (Lair:1)
  A fire drake (Lair:1)
  A two-headed ogre (D:8)
  2 shadows (Lab)
  A spriggan (D:9)
  A basilisk (Lair:2)
  12 yaks (Lair:2)
  3 hippogriffs (Lair:1)
  3 water moccasins
  3 orc warriors
  4 porcupines
  An ice beast (D:8)
  4 sky beasts
  5 ogres
  A necrophage (D:5)
  5 crocodiles
  10 giant frogs
  6 centaurs
  4 killer bees
  A spriggan skeleton (Lab)
  A troll skeleton (Lab)
  An electric eel (Lair:1)
  4 lava snakes (Lab)
  A centaur zombie (D:8)
  A crimson imp (D:9)
  The ghost of asdu the Firebug, a weakling DEFE (D:4)
  9 orc wizards
  3 giant frog skeletons
  5 orc priests
  A gnoll shaman (D:8)
  7 hounds
  Jessica (D:2)
  3 iguanas
  3 hell rats (D:9)
  6 worker ants
  5 sheep (Lair:2)
  2 ogre skeletons (Lab)
  A worker ant zombie (D:5)
  Robin (D:2)
  5 gnolls (D:8)
  10 river rats
  12 adders
  A shadow imp (D:8)
  3 adder zombies
  2 adder skeletons
  3 giant geckos
  48 orcs
  3 ball pythons
  11 bats
  2 giant cockroaches
  13 goblins
  8 hobgoblins
  12 jackals
  11 kobolds
  7 giant newts
  2 goblin skeletons (D:8)
  A goblin zombie (D:9)
  A hobgoblin zombie (D:8)
  A kobold skeleton (D:8)
  2 kobold zombies (D:8)
  An orc skeleton (D:8)
  An orc zombie (D:8)
  5 quokkas
  A quokka skeleton (D:5)
  7 rats
315 creatures vanquished.

Vanquished Creatures (others)
  2 fungi (Lair:2)
  4 plants (D:10)
6 creatures vanquished.

Grand Total: 321 creatures vanquished

Notes
Turn   | Place    | Note
--------------------------------------------------------------
     0 | D:1      | bollicks1999 the Minotaur Fighter began the quest for the Orb.
     0 | D:1      | Reached XP level 1. HP: 19/19 MP: 0/0
   296 | D:1      | Reached XP level 2. HP: 17/27 MP: 1/1
   315 | D:1      | Reached skill level 4 in Fighting
   837 | D:2      | Reached XP level 3. HP: 33/33 MP: 2/2
  1013 | D:2      | Found a snail-covered altar of Cheibriados.
  1106 | D:2      | Noticed Robin
  1136 | D:2      | Killed Robin
  1184 | D:2      | Noticed Jessica
  1188 | D:2      | Killed Jessica
  1188 | D:2      | Reached XP level 4. HP: 25/41 MP: 3/3
  1464 | D:3      | Reached skill level 1 in Dodging
  1982 | D:3      | Reached XP level 5. HP: 41/47 MP: 4/4
  2231 | D:4      | Found a shattered altar of Ashenzari.
  2330 | D:4      | Noticed asdu's ghost (weakling DEFE)
  2342 | D:4      | Killed asdu's ghost
  2347 | D:4      | Reached skill level 5 in Armour
  2347 | D:4      | Reached skill level 5 in Shields
  2354 | D:4      | Reached XP level 6. HP: 30/55 MP: 5/5
  2582 | D:4      | Found a staircase to the Ecumenical Temple.
  2617 | Temple   | Entered the Ecumenical Temple
  2690 | Temple   | Became a worshipper of Makhleb the Destroyer
  2726 | D:4      | Noticed an ogre
  2741 | D:4      | Killed an ogre
  2952 | D:5      | Entered Level 5 of the Dungeon
  2966 | D:5      | Reached skill level 5 in Fighting
  2974 | D:5      | Reached skill level 6 in Armour
  2974 | D:5      | Reached XP level 7. HP: 17/61 MP: 6/6
  3119 | D:5      | Noticed a water moccasin
  3130 | D:5      | Acquired Makhleb's first power
  3139 | D:5      | Killed a water moccasin
  3348 | D:5      | Found a runed door.
  3422 | D:5      | Reached skill level 5 in Maces & Flails
  3422 | D:5      | Reached XP level 8. HP: 26/67 MP: 7/7
  3430 | D:5      | Reached skill level 5 in Dodging
  3434 | D:5      | Acquired Makhleb's second power
  3548 | D:5      | Found a roughly hewn altar of Beogh.
  3606 | D:5      | Reached skill level 7 in Shields
  3679 | D:6      | Found a glowing silver altar of Zin.
  3725 | D:6      | Found an ancient bone altar of Kikubaaqudgha.
  3725 | D:6      | Found a blossoming altar of Fedhas.
  3769 | D:6      | Found a white marble altar of Elyvilon.
  3897 | D:6      | Gained mutation: You are partially covered in molten scales (AC +1). [mutagenic meat]
  4022 | D:6      | Found a sparkling altar of Nemelex Xobeh.
  4272 | D:6      | Gained mutation: You can spit weak poison. [potion of mutation]
  4272 | D:6      | Gained mutation: You are partially covered in large bone plates (AC +2, SH +2). [potion of mutation]
  4272 | D:6      | Gained mutation: You have large cloven feet. [potion of mutation]
  4387 | D:7      | Reached skill level 8 in Shields
  4398 | D:7      | Reached XP level 9. HP: 74/76 MP: 8/8
  4403 | D:7      | Noticed WellDressedCM's ghost (experienced HaAs)
  4422 | D:7      | Killed WellDressedCM's ghost
  4433 | D:7      | Acquired Makhleb's third power
  4461 | D:7      | Reached skill level 9 in Shields
  5001 | D:8      | Gained mutation: You are clumsy. (Dex -2) [mutagenic meat]
  5002 | D:8      | Gained mutation: You are partially covered in thin metallic scales (AC +2). [mutagenic meat]
  5004 | D:8      | Lost mutation: You have large cloven feet. [mutagenic meat]
  5046 | D:8      | Found a radiant altar of Vehumet.
  5129 | D:8      | Reached skill level 10 in Shields
  5147 | D:8      | Noticed Maurice
  5173 | D:8      | Killed Maurice
  5212 | D:8      | Identified a scroll of acquirement
  5213 | D:8      | Got a pair of smoking gloves
  5224 | D:8      | Identified the +1 pair of gloves "Qeipyhiq" {rPois MP+9 Str-5 Dex+3} (You acquired it on level 8 of the Dungeon)
  5274 | D:8      | Found a glowing golden altar of the Shining One.
  5353 | D:8      | Acquired Makhleb's fourth power
  5387 | D:8      | Found Poog's General Store.
  5396 | D:8      | Bought a scroll of identify for 30 gold pieces
  5396 | D:8      | Bought a scroll of holy word for 112 gold pieces
  5396 | D:8      | Bought a scroll of fear for 52 gold pieces
  5557 | D:8      | Reached XP level 10. HP: 82/85 MP: 9/9
  5763 | D:8      | Got a translucent war axe
  5766 | D:8      | Identified the +1 war axe "Ephir" {holy, rC++ rN+} (You found it on level 8 of the Dungeon)
  5890 | D:9      | Noticed Joseph
  5913 | D:9      | Killed Joseph
  5968 | D:9      | Reached skill level 11 in Shields
  6038 | D:9      | Acquired Makhleb's fifth power
  6049 | D:9      | Found a staircase to the Lair.
  6092 | D:9      | Found a runed door.
  6099 | D:9      | Found a basalt altar of Yredelemnul.
  6539 | D:10     | Entered Level 10 of the Dungeon
  6658 | Lair:1   | Entered Level 1 of the Lair of Beasts
  6727 | Lair:1   | Reached skill level 12 in Shields
  6912 | Lair:1   | Found a labyrinth entrance.
  6924 | Lab      | Entered a labyrinth
  7176 | Lab      | Found an exit through the horrors of the Abyss.
  7731 | Lab      | Noticed a minotaur
  7744 | Lab      | Killed a minotaur
  7777 | Lair:1   | Reached XP level 11. HP: 93/93 MP: 10/10
  7821 | Lair:1   | Reached skill level 10 in Maces & Flails
  8453 | Lair:2   | Reached skill level 13 in Shields
  8704 | Lair:2   | Noticed a five-headed hydra
  8717 | Lair:2   | Killed a five-headed hydra
  9075 | Lair:2   | Gained mutation: You passively map a small area around you. [potion of mutation]
  9075 | Lair:2   | Gained mutation: Your spells are a little easier to cast, but a little less powerful. [potion of mutation]
  9075 | Lair:2   | Gained mutation: You expend magic power (3 MP) to strengthen your wands. [potion of mutation]
  9248 | Lair:3   | Found a staircase to the Snake Pit.
  9281 | Lair:3   | Reached skill level 14 in Shields
  9294 | Lair:3   | Slain by a black mamba

Vault maps used:
D:1:      minmay_arrival_three_doors
D:2:      cheibriados_altar_1, first_bread, uniq_robin, uniq_jessica
D:4:      lemuel_crystal_altar, minmay_temple_entry_junction
D:5:      lightli_church_of_beogh
D:6:      grunt_temple_overflow_growth_and_decay, overflow_temple_1_default,
          basic_altar, elyvilon_altar_1
D:7:      kennysheep_another_room
D:8:      vehumet_crystals, nicolae_tso_besieged_by_evil, serial_shops, shop,
          uniq_maurice
D:9:      dpeg_lair_monsters, the_bakery, dk_yredelemnul_ordeal, uniq_joseph
D:10:     wad_woods_tower, david_orc_5
Temple:   oiseaux_autumnal_temple_12
Lair:1:   lab_entry_generic, fungi_pond_lemuel, st_stairs_9,
          nicolae_quartered_pool_medium, beast_lair_carwin_3
Lair:3:   minmay_snake_entry_six_corridors
Lab:      nicolae_lab_diamond, labyrinth_lava_lair, nicolae_lab_flowing_pool,
          nicolae_lab_t_cross, nicolae_lab_swirl, nicolae_lab_plus,
          nicolae_lab_statue, labyrinth_skeletal_remains, labyrinth_fake_exit,
          nicolae_lab_do_over

Action                   |  1- 3 |  4- 6 |  7- 9 | 10-12 || total
-------------------------+-------+-------+-------+-------++-------
Melee: Flail             |    92 |   132 |   441 |   521 ||  1186
Evoke: Wand              |       |       |       |     1 ||     1
  Use: Potion            |     1 |     1 |     2 |     6 ||    10
       Scroll            |       |       |    11 |    15 ||    26
  Eat: Chunk             |     1 |     5 |    16 |     8 ||    30
       Pizza             |       |       |       |     2 ||     2
       Beef jerky        |       |       |       |     2 ||     2
